 Dungeon Crawl Stone Soup version 0.26-a0-812-g31a745ddcd (webtiles) character file.

Game seed: 12483529920629379490

148 schauveau the Covered (level 5, 0/33 HPs)
             Began as a Gargoyle Fighter on Nov 18, 2020.
             Slain by a worm (6 damage)
             ... on level 3 of the Dungeon on Nov 23, 2020.
             The game lasted 00:07:10 (1148 turns).

schauveau the Covered (Gargoyle Fighter)            Turns: 1148, Time: 00:07:10

Health: 0/33       AC: 13    Str: 20    XL:     5   Next: 30%
Magic:  5/5        EV:  7    Int:  9    God:
Gold:   133        SH:  0    Dex:  9    Spells: 4/4 levels left

rFire    . . .     SeeInvis .   a - +0 war axe
rCold    . . .     Faith    .   (no shield)
rNeg     + . .     Spirit   .   h - +0 chain mail
rPois    ∞         Reflect  .   (no helmet)
rElec    +         Harm     .   (no cloak)
rCorr    .         Rampage  .   (no gloves)
MR       .....                  (no boots)
Stlth    ..........             (no amulet)
HPRegen  0.11/turn              (no ring)
MPRegen  0.09/turn              (no ring)

@: no status effects
A: negative energy resistance 1, electricity resistance, unbreathing,
petrification resistance, rot immunity, AC +4
a: no special abilities


You were on level 3 of the Dungeon.
You visited 1 branch of the dungeon, and saw 3 of its levels.

You collected 133 gold pieces.

Inventory:

Hand Weapons
 a - a +0 war axe (weapon)
Armour
 h - a +0 chain mail (worn)
Scrolls
 b - a scroll of amnesia {unknown}
 c - 3 scrolls of identify {unknown}
 e - a scroll of blinking {unknown}
Potions
 d - a potion of might
 f - 2 potions of attraction {unknown}
 g - 2 potions of heal wounds {unknown}


   Skills:
 + Level 4.2 Fighting
 * Level 3.6 Axes
 + Level 4.2 Armour
   Level 3.3 Shields


You had 4 spell levels left.
You didn't know any spells.
Your spell library was empty.

Dungeon Overview and Level Annotations

Branches:
Dungeon (3/15)

Altars:
Wu Jian


Innate Abilities, Weirdness & Mutations

You are resistant to torment.
Your stone body is resilient. (AC +4)
You are immune to poison.
You resist negative energy. (rN+)
You are resistant to electric shocks. (rElec)
You can survive without breathing.
You are immune to petrification.
You are immune to rotting.


Message History

* * * LOW HITPOINT WARNING * * *
You hit the gnoll but do no damage.
Your chain mail prevents you from hitting the gnoll.
The gnoll closely misses you.
The gnoll hits you but does no damage. x2
You closely miss the gnoll. You completely miss the gnoll.
The gnoll barely misses you. x2
You slash the gnoll!
The gnoll is heavily wounded.
You barely miss the gnoll.
The gnoll hits you but does no damage. x2
The gnoll barely misses you.
You closely miss the gnoll.
The gnoll is heavily wounded.
You hit the gnoll. The gnoll barely misses you.
The gnoll hits you but does no damage. x2
You slash the gnoll!
You kill the gnoll!
You slash the gnoll!
You kill the gnoll!
The worm bites you.
You die...

...# #.......#######...#
...# #.......##........# .
...# #.......##........#.##
.#######)#.#.##............
.(....())._..##............
########.#.#.##....g.......
#.....##.......##.##
#.....###w###.....#
#####.###@###.#####
#......)...# #......)..##
#.........# #.........#
######...## ###.# .# ##


You could see a worm.

Vanquished Creatures
  An iguana (D:3)
  4 gnolls (D:3)
  2 adders (D:3)
  2 oozes
  An adder skeleton (D:2)
  A worm (D:2)
  A dart slug (D:3)
  10 orcs (D:3)
  5 giant cockroaches
  A hobgoblin (D:3)
  2 jackals (D:2)
  5 bats
  2 frilled lizards
  A giant cockroach zombie (D:2)
  3 goblins
  3 kobolds
  2 rats (D:1)
46 creatures vanquished.

Vanquished Creatures (others)
  7 withered plants (D:2)
7 creatures vanquished.

Grand Total: 53 creatures vanquished

Notes
Turn   | Place    | Note
-------+----------+-------------------------------------------
     0 | D:1      | schauveau the Gargoyle Fighter began the quest for the Orb.
     0 | D:1      | Reached XP level 1. HP: 14/14 MP: 1/1
   169 | D:1      | Reached XP level 2. HP: 14/19 MP: 2/2
   532 | D:2      | Reached XP level 3. HP: 18/23 MP: 3/3
   678 | D:3      | Reached XP level 4. HP: 20/29 MP: 4/4
   981 | D:3      | Found an ornate altar of the Wu Jian Council.
  1124 | D:3      | Reached XP level 5. HP: 21/33 MP: 5/5
  1148 | D:3      | Slain by a worm

Illustrated notes

Levels and vault maps discovered:
D:1:      dpeg_arrival_oval, layout_basic, st_stairs_7
D:2:      layout_basic, serial_undead, serial_undead_e, serial_undead_d,
          serial_undead_e, serial_undead_c, serial_undead_a, serial_undead_c,
          serial_undead_d, minmay_bisected
D:3:      layout_basic, lemuel_crystal_altar, minmay_cupped, uniq_terence

Skill      XL: |  1  2  3  4 |
---------------+-------------+-----
Axes           | 2 3 |  3.6
Armour         | 4 |  4.2
Fighting       | 4 |  4.2
Shields        | |  3.3

Action                   |  1- 3 |  4- 6 || total
-------------------------+-------+-------++-------
Melee: War axe           |    71 |    82 ||   153
Armor: Scale mail        |    53 |    15 ||    68
       Chain mail        |       |    86 ||    86
Dodge: Dodged            |    41 |    62 ||   103
Block: Kite shield       |     4 |       ||     4

Table legend: (Time is in decaauts)
 A = Elapsed time spent in this place.
 B = Non-inter-level travel time spent in this place.
 C = Inter-level travel time spent in this place.
 D = Time resting spent in this place.
 E = Time spent auto-exploring this place.
 F = Levels seen in this place.
 G = Mean time per level.
                   A        B        C        D        E       F      G
               +--------+--------+--------+--------+--------+-----+--------+
         Total |   1204 |   1204 |      0 |      0 |    508 |   3 |  401.3 |
       Dungeon |   1204 |   1204 |      0 |      0 |    508 |   3 |  401.3 |
               +--------+--------+--------+--------+--------+-----+--------+

Top non-repeatable levels by time:
     D:3: 532 daAuts
     D:1: 394 daAuts
     D:2: 277 daAuts
